 Dungeon Crawl Stone Soup version 0.31-a0-1002-g8e65716e6e (webtiles) character file.

Game seed: 2196592984714963757

17119 MacCMillion the Fighter (level 12, -8/90 HPs)
             Began as an Octopode Shapeshifter on Nov 10, 2023.
             Was an Initiate of Gozag.
             Mangled by an orc knight
             ... wielding a +3 war axe
              (23 damage)
             ... on level 11 of the Dungeon.
             The game lasted 00:32:13 (16287 turns).

MacCMillion the Fighter (Octopode Shapeshifter)    Turns: 16287, Time: 00:32:13

Health: -8/90      AC:  5    Str: 18    XL:     12   Next: 44%
Magic:  12/12      EV: 16    Int: 13    God:    Gozag
Gold:   2661       SH:  0    Dex: 11    Spells: 11/11 levels left

rFire   + .          .
                       - Unarmed
rCold   . . .        (no shield)
rNeg    . . .        (helmet currently unavailable)
rPois   .            D - amulet of regeneration
rElec   .            g - ring of protection from fire
rCorr   +            i - ring of resist corrosion
SInv    .            K - +4 ring of protection
Will    .....        (no ring)
Stlth   +++          (no ring)
HPRegen 1.15/turn    (no ring)
MPRegen 0.13/turn    (no ring)
                     (no ring)

%: no passive effects
@: beast-form
A: beast (slay +4), almost no armour, amphibious, 8 rings, camouflage 1,
gelatinous body 1, (nimble swimmer 1), tentacles
a: Begin Untransformation, Renounce Religion, Potion Petition, Call Merchant,
Bribe Branch


You were on level 11 of the Dungeon.
You worshipped Gozag.
Gozag was most pleased with you.
You were a hulking beast.
You visited 1 branch of the dungeon, and saw 12 of its levels.
You also visited: Bailey.

You collected 2735 gold pieces.
You paid 74 gold pieces to Gozag.

Inventory:

Missiles
 m - 31 poisoned darts (quivered)
 p - 6 curare-tipped darts
 M - 5 atropa-tipped darts
 N - 8 darts of dispersal
Jewellery
 g - a ring of protection from fire (left tentacle)
 h - an amulet of the acrobat
 i - a ring of resist corrosion (right tentacle)
 l - a ring of fire
 D - an amulet of regeneration (around mantle)
 G - an amulet of guardian spirit
 K - a +4 ring of protection (on tentacle)
Talismans
 b - a beast talisman
 c - a flux talisman
Wands
 y - a wand of roots (3)
 J - a wand of digging (5)
 L - a wand of flame (20)
 O - a wand of polymorph (3)
Scrolls
 a - 2 scrolls of identify
 e - a scroll of vulnerability
 k - a scroll of teleportation
 n - a scroll of immolation
 o - 2 scrolls of enchant armour {unknown}
 r - 2 scrolls of blinking {unknown}
 s - 3 scrolls of silence
 t - a scroll of acquirement {unknown}
 v - 3 scrolls of amnesia
 w - 2 scrolls of torment {unknown}
 A - 2 scrolls of revelation {unknown}
 B - 6 scrolls of enchant weapon
 F - a scroll of fear {unknown}
 H - 2 scrolls of poison {unknown}
 I - 2 scrolls of noise {unknown}
 P - a scroll of brand weapon {unknown}
 S - a scroll of summoning {unknown}
Potions
 d - 6 potions of brilliance
 f - a potion of might
 j - 2 potions of mutation
 q - a potion of ambrosia
 u - a potion of curing
 x - a potion of cancellation
 z - 6 potions of haste
 C - a potion of degeneration {unknown}
 E - 2 potions of enlightenment
 Q - a potion of lignification
 R - a potion of resistance {unknown}


   Skills:
 + Level 11.5 Fighting
 + Level 8.5 Dodging
 - Level 4.0 Stealth
 + Level 11.4 Unarmed Combat
 - Level 3.0 Evocations
 + Level 8.3 Shapeshifting


You had 11 spell levels left.
You didn't know any spells.
Your spell library contained the following spells:

 Spells                   Type           Power      Damage    Failure   Level
 Scorch                   Fire           0%         2d5       43%         2
 Ignite Poison            Fire/Tmut/Pois 0%         N/A       67%         3
 Flame Wave               Conj/Fire      0%         2d4       97%         4
 Sticky Flame             Conj/Fire      0%         2d3       97%         4
 Conjure Ball Lightning   Conj/Air       0%         3x3d6     100%        6
 Summon Cactus Giant      Summ           0%         N/A       100%        6
 Discord                  Hex            0%         N/A       100%        8
 Disjunction              Tloc           0%         N/A       100%        8
 Ignition                 Fire           0%         3d3       100%        8


Dungeon Overview and Level Annotations

Branches:
Dungeon (12/15)            Temple (0/1) D:7            Lair (0/5) D:11
 Bailey (visited)
    Orc: D:9-12

Altars:
Ashenzari
Dithmenos
Elyvilon
Gozag
Hepliaklqana
Kikubaaqudgha
Qazlal
Ru
Vehumet
Wu Jian
Yredelemnul
Zin
The Shining One

Shops:
D:6 :   D:7 (

Annotations:
D:3 2 transporters, gasfasgas's ghost, amateur HORe
D:5 Grinder
D:6 3 runed translucent doors, Arezz's ghost, novice DENe; Tinttamiau's ghost, novice DEAE


Innate Abilities, Weirdness & Mutations

You are a hulking beast.
Your limbs bulge with bestial killing power. (Slay +4)
You cannot wear most types of armour.
You are amphibious.
You can wear up to eight rings at the same time.
Your skin changes colour to match your surroundings (Stealth+).
Your rubbery body absorbs attacks. (AC +1, EV +1)
((You are camouflaged when in or above water. (Stealth+)))
You have tentacles for arms and can constrict up to eight enemies at once.


Message History

The orc knight completely misses you.
You tentacle-slap the orc knight but do no damage.
Your grab misses the orc knight. You squeeze the orc knight.
The orc knight is moderately wounded.
You tentacle-slap the orc knight but do no damage.
Your grab misses the orc knight.
The orc knight is moderately wounded.
The orc knight hits you with a +3 war axe!
You barely miss the orc knight. You grab the orc knight.
The orc knight is moderately wounded.
You constrict the orc knight, but do no damage.
The orc knight hits you with a +3 war axe!!
You completely miss the orc knight.
You squeeze the orc knight, but do no damage.
The orc knight is moderately wounded.
You constrict the orc knight. The orc knight barely misses you.
You tentacle-slap the orc knight but do no damage.
You squeeze the orc knight, but do no damage.
The orc knight is moderately wounded.
You constrict the orc knight, but do no damage.
The orc knight hits you with a +3 war axe!
* * * LOW HITPOINT WARNING * * *
You tentacle-slap the orc knight but do no damage.
You squeeze the orc knight!
The orc knight is heavily wounded.
You constrict the orc knight.
You tentacle-slap the orc knight but do no damage.
The orc knight is heavily wounded.
You constrict the orc knight. The orc knight closely misses you.
You tentacle-slap the orc knight. x2
The orc knight is heavily wounded.
You constrict the orc knight.
The orc knight hits you with a +3 war axe!
* * * LOW HITPOINT WARNING * * *
You tentacle-slap the orc knight.
The orc knight is severely wounded.
You constrict the orc knight.
The orc knight hits you with a +3 war axe!!
You die...
Your body crumbles into a pile of gold.

.# #...##.#......######
.#
#...##.#.#..........###
.# #........#####......
.# #^y.y........###...#
.# #....####...^..#...#
## #...##...$.....##..#
#...#.....###...#..#
#...#..##...#...#..#
#.$.#..#..ho#...#..#
#.#......)......#..#
#.#...#....#..#....#
..#.. #...##..#....##
#...###.....#.....#
##.........##..####
#......####...#
###...........#
.#####.......#


You could see an orc knight.

Vanquished Creatures
  A boulder beetle (D:11)
  2 two-headed ogres
  A centaur warrior (D:11)
  2 cyclopes (D:11)
  A manticore (D:11)
  An ugly thing (D:10)
  Joseph (D:8)
  A troll (D:7)
  Prince Ribbit (D:8)
  A hornet (D:10)
  3 wraiths
  26 yaks
  2 steam dragons
  4 vampire mosquitoes (D:11)
  Grum (D:9)
  3 wargs (D:11)
  A water moccasin (D:9)
  Duvessa (D:7)
  14 orc warriors
  A sky beast (D:6)
  6 black bears
  3 ice beasts
  3 wolves (D:9)
  13 centaurs
  5 kobold brigands
  5 bullfrogs
  A gnoll sergeant (D:9)
  2 scorpions
  5 wights
  Dowan (D:7)
  9 killer bees
  4 howler monkeys
  5 jellies
  12 orc priests
  A hound (D:6)
  A gnoll bouda (D:4)
  An iguana (D:5)
  2 sleepcaps
  Natasha (thrice) (D:2)
  12 orc wizards
  A hell rat (D:8)
  8 gnolls
  7 river rats (D:8)
  3 adders
  A white imp (D:7)
  4 ufetubi
  2 dart slugs (D:2)
  59 orcs
  8 ball pythons
  5 endoplasms
  3 giant cockroaches
  14 goblins
  7 hobgoblins
  15 jackals
  69 kobolds
  10 quokkas
  5 bats
  3 frilled lizards
  23 rats
  A spectral orc (D:8)
410 creatures vanquished.

Notes
Turn   | Place    | Note
-------+----------+-------------------------------------------
     0 | D:1      | MacCMillion the Octopode Shapeshifter began the quest for
                  | the Orb.
     0 | D:1      | Reached XP level 1. HP: 13/13 MP: 1/1
    67 | D:1      | Reached skill level 1 in Stealth
    68 | D:1      | Reached XP level 2. HP: 17/18 MP: 2/2
   274 | D:1      | Reached XP level 3. HP: 19/24 MP: 3/3
   382 | D:1      | Found a faded altar of an unknown god.
   896 | D:2      | Noticed Natasha
  1113 | D:2      | Killed Natasha
  1114 | D:2      | Reached XP level 4. HP: 27/30 MP: 4/4
  1502 | D:2      | Noticed Natasha
  1509 | D:2      | Killed Natasha
  1510 | D:2      | Reached XP level 5. HP: 21/35 MP: 5/5
  1879 | D:2      | Noticed Natasha
  1909 | D:2      | Killed Natasha
  2150 | D:3      | Found a transporter.
  2233 | D:3      | Noticed gasfasgas's ghost (amateur HORe)
  2404 | D:3      | Found a transporter.
  2672 | D:3      | Reached XP level 6. HP: 30/42 MP: 6/6
  3023 | D:3      | Reached skill level 5 in Unarmed Combat
  3201 | D:3      | Found a glowing golden altar of the Shining One.
  3284 | D:3      | Found a radiant altar of Vehumet.
  3712 | D:4      | Reached XP level 7. HP: 41/49 MP: 7/7
  3887 | D:4      | Found a white marble altar of Elyvilon.
  3919 | D:4      | Reached skill level 5 in Fighting
  4376 | D:5      | Entered Level 5 of the Dungeon
  4418 | D:5      | Noticed Grinder
  4648 | D:5      | Reached XP level 8. HP: 57/57 MP: 8/8
  5011 | D:5      | Found an opulent altar of Gozag.
  5034 | D:5      | Became a worshipper of Gozag Ym Sagoz the Greedy
  5589 | D:6      | Noticed a yak
  5746 | D:6      | Noticed a yak
  5748 | D:6      | Noticed a yak
  5767 | D:6      | Killed a yak
  5768 | D:6      | Reached XP level 9. HP: 65/65 MP: 9/9
  6013 | D:6      | Found a runed translucent gate.
  6018 | D:6      | Found a runed translucent gate.
  6019 | D:6      | Found a runed translucent gate.
  6019 | D:6      | Identified the +5 rapier of Moderation {freeze, rElec
                  | Str+5}
  6020 | D:6      | Noticed Arezz's ghost (novice DENe)
  6021 | D:6      | Noticed Tinttamiau's ghost (novice DEAE)
  6030 | D:6      | Found Myriwn's Self-Published Books.
  6292 | D:6      | Found an ornate altar of the Wu Jian Council.
  6466 | D:7      | Noticed Duvessa
  6466 | D:7      | Noticed Dowan
  6473 | D:7      | Killed Duvessa
  6475 | D:7      | Killed Dowan
  6728 | D:7      | Reached skill level 1 in Evocations
  6781 | D:7      | Noticed a troll
  6823 | D:7      | Found a staircase to the Ecumenical Temple.
  6935 | D:7      | Killed a troll
  6936 | D:7      | Reached XP level 10. HP: 11/73 MP: 10/10
  7455 | D:7      | Found a shadowy altar of Dithmenos.
  7553 | D:7      | Found Ugonichu's Antique Weapon Boutique.
  7867 | D:7      | Reached skill level 5 in Shapeshifting
  7953 | D:8      | Noticed Joseph
  7973 | D:8      | Killed Joseph
  7974 | D:8      | Reached skill level 5 in Dodging
  8300 | D:8      | Found a basalt altar of Yredelemnul.
  8420 | D:8      | Found a broken altar of Ashenzari.
  8421 | D:8      | Found a hazy altar of Hepliaklqana.
  8492 | D:8      | Noticed Prince Ribbit
  8496 | D:8      | Killed Prince Ribbit
  8565 | D:8      | Noticed a two-headed ogre
  9784 | D:8      | Found a sacrificial altar of Ru.
  9873 | D:9      | Found a flagged portal.
  9874 | D:9      | Noticed Grum
  9964 | D:9      | Killed Grum
  9984 | Bailey   | Entered a bailey
 10058 | Bailey   | Reached XP level 11. HP: 53/81 MP: 11/11
 10264 | Bailey   | Reached skill level 10 in Unarmed Combat
 10317 | Bailey   | Reached skill level 10 in Fighting
 11341 | D:9      | Found a stormy altar of Qazlal.
 11653 | D:8      | Found a glowing silver altar of Zin.
 11905 | D:10     | Entered Level 10 of the Dungeon
 12586 | D:10     | Noticed a two-headed ogre
 12644 | D:10     | Found an ancient bone altar of Kikubaaqudgha.
 13279 | D:10     | Paralysed by a hornet for 1 turns
 14639 | D:10     | Identified the +9 sling of the Firefly {freeze, *Corrode
                  | Fly rPois Will+}
 14854 | D:10     | Killed a two-headed ogre
 14887 | D:11     | Noticed a boulder beetle
 14902 | D:11     | Killed a boulder beetle
 14903 | D:11     | Reached XP level 12. HP: 22/90 MP: 12/12
 15577 | D:11     | Noticed a two-headed ogre
 15594 | D:11     | Killed a two-headed ogre
 15710 | D:11     | Found a staircase to the Lair.
 16007 | D:11     | Noticed a centaur warrior
 16013 | D:11     | Killed a centaur warrior
 16146 | D:12     | Identified the "Puafum"
 16273 | D:11     | Identified the staff of the Shoals {rC+ Int+3 Dex+4 Ice}
 16287 | D:11     | Mangled by an orc knight

Illustrated notes

Levels and vault maps discovered:
D:1:      minmay_arrival_up_and_down, layout_rooms,
          dreamdust_ecumenical_altar_statues, serial_aquarium,
          aquarium_bridge_square [aquarium_subvault_bridge,
          aquarium_subvault_wall, aquarium_subvault_balcony,
          aquarium_subvault_wall], aquarium_bridge_straight
          [aquarium_subvault_bridge, aquarium_subvault_wall,
          aquarium_subvault_bridge, aquarium_subvault_window],
          aquarium_window_1, aquarium_window_1, aquarium_window_1,
          aquarium_view_2d, aquarium_view_2b, aquarium_balcony_3a,
          aquarium_pool_2
D:2:      layout_basic, uniq_natasha
D:3:      minmay_goblin_kobold_castle, layout_basic,
          mainiacjoe_overflow_alcove_1, lemuel_crystal_altar,
          gammafunk_ghost_mausoleum, minivault_25, dreamdust_princess_corridor
D:4:      layout_cave_pools, general_overflow_altar
D:5:      layout_basic, grunt_gozag_breadcrumbs, uniq_grinder
D:6:      layout_rooms, mainiacjoe_overflow_boulevard, gammafunk_ghost_cemetery,
          chequers_decorated_corner, reono_crystal_passage, nicolae_custom_books
D:7:      layout_loops_ring, old_standard_altar, minmay_temple_entry_large_hall,
          serial_shops, shop, st_stairs_10, grunt_decor_clamped, uniq_duvessa
D:8:      lemuel_ratsnest, layout_basic, yredelemnul_forgotten_temple_becter,
          nicolae_overflow_hidden_temple, glass_columns_c,
          minmay_unpleasant_kobolds, uniq_joseph, uniq_prince_ribbit1
D:9:      layout_loops_ring, marbit_many_paths, enter_bailey_5, uniq_grum
D:10:     layout_grid_maze, kiku_gazebo_pond_becter,
          nicolae_houndstooth_variations
D:11:     layout_basic, erik_lair_orcish_takeover,
          serial_library_hellmonk_semicircle, minmay_radiant
D:12:     layout_stronghold, minmay_orc_entry_temple_small, serial_column_ruins,
          column_ruins_circle_medium, column_ruins_open_small,
          column_ruins_grid_1, column_ruins_grid_1, gauntlet_entry_generic,
          uniq_frances

Skill      XL: |  1  2  3  4  5  6  7  8  9 10 11 12 |
---------------+-------------------------------------+-----
Stealth        | 1 2 3 4 |  4.0
Fighting       | 2 3 4 5 7 8 9 11 | 11.5
Unarmed Combat | 4 5 6 8 9 11 | 11.4
Dodging        | 4 6 7 8 |  8.5
Shapeshifting  | 4 6 7 8 |  8.3
Evocations     | 2 3 |  3.0

Action                     |  1- 3 |  4- 6 |  7- 9 | 10-12 || total
---------------------------+-------+-------+-------+-------++-------
  Melee: Unarmed           |    53 |   166 |   213 |   554 ||   986
         Constrict         |    11 |    45 |    41 |    79 ||   176
         Tentacles         |    10 |    24 |    47 |   132 ||   213
         Punch             |       |     8 |    15 |    36 ||    59
  Throw: Dart              |       |       |       |    41 ||    41
  Evoke: Wand              |       |       |     1 |       ||     1
    Use: Scroll            |     2 |     3 |     6 |     4 ||    15
         Potion            |       |       |     2 |     1 ||     3
   Stab: Sleeping          |     6 |    10 |     8 |    12 ||    36
         Distracted        |       |       |     1 |     6 ||     7
 Armour: Skin              |    26 |    63 |   131 |   345 ||   565
  Dodge: Dodged            |    26 |    95 |   104 |   370 ||   595

Table legend: (Time is in decaauts)
 A = Elapsed time spent in this place.
 B = Non-inter-level travel time spent in this place.
 C = Inter-level travel time spent in this place.
 D = Time resting spent in this place.
 E = Time spent auto-exploring this place.
 F = Levels seen in this place.
 G = Mean time per level.
                   A        B        C        D        E       F      G
               +--------+--------+--------+--------+--------+-----+--------+
         Total |  16156 |  15584 |    572 |   4982 |   6593 |  13 | 1242.8 |
       Dungeon |  15106 |  14534 |    572 |   4605 |   6519 |  12 | 1258.8 |
        Bailey |   1050 |   1050 |      0 |    377 |     74 |   1 | 1050.0 |
               +--------+--------+--------+--------+--------+-----+--------+

Top non-repeatable levels by time:
    D:10: 3175 daAuts
     D:8: 2156 daAuts
     D:3: 1512 daAuts
     D:7: 1304 daAuts
     D:5: 1250 daAuts
     D:2: 1068 daAuts
  Bailey: 1050 daAuts
     D:1: 1048 daAuts
     D:9: 1022 daAuts
    D:11: 940 daAuts
     D:6: 802 daAuts
     D:4: 753 daAuts
    D:12: 73 daAuts
